 Dungeon Crawl Stone Soup version 0.31.0-11-ge490571c62 (webtiles) character file.

Game seed: 12833428073833126905

98 browni3141 the Trooper (level 4, -5/41 HPs)
             Began as a Minotaur Fighter on Jan 27, 2024.
             Killed from afar by Ijyb (12 damage)
             ... with a bolt of light
             ... on level 3 of the Dungeon.
             The game lasted 00:00:50 (903 turns).

browni3141 the Trooper (Minotaur Fighter)            Turns: 903, Time: 00:00:50

Health: -5/41      AC:  7    Str: 23    XL:     4   Next: 44%
Magic:  3/3        EV:  9    Int:  5    God:
Gold:   61         SH:  0    Dex:  9    Spells: 3/3 levels left

rFire   . . .        a - +0 war axe
rCold   . . .        c - +0 buckler
rNeg    . . .        b - +0 scale mail
rPois   .            (helmet restricted)
rElec   .            (no cloak)
rCorr   .            (no gloves)
SInv    .            (no boots)
Will    .....        (no amulet) Stlth
                     (no ring)
HPRegen 0.26/turn    (no ring)
MPRegen 0.08/turn

%: no passive effects
@: confused
A: horns 2, retaliatory headbutt
a: no special abilities


You were on level 3 of the Dungeon.
You visited 1 branch of the dungeon, and saw 3 of its levels.

You collected 61 gold pieces.

Inventory:

Hand Weapons
 a - a +0 war axe (weapon)
Armour
 b - a +0 scale mail (worn)
 c - a +0 buckler (worn)
Jewellery
 p - a ring of resist corrosion
Scrolls
 e - a scroll of fog {unknown}
 h - 3 scrolls of identify {unknown}
 l - 3 scrolls of teleportation {unknown}
 m - a scroll of blinking {unknown}
 n - a scroll of enchant armour {unknown}
Potions
 d - a potion of might
 f - a potion of invisibility {unknown}
 g - a potion of degeneration {unknown}
 i - a potion of heal wounds {unknown}
 j - a potion of lignification {unknown}
 k - a potion of enlightenment {unknown}
 o - a potion of magic {unknown}
 q - a potion of resistance {unknown}


   Skills:
 + Level 4.3 Fighting
 * Level 4.0 Axes
 + Level 4.3 Armour
 + Level 4.3 Shields


You had 3 spell levels left.
You didn't know any spells.
Your spell library was empty.

Dungeon Overview and Level Annotations

Branches:
Dungeon (3/15)

Altars:
Cheibriados
Vehumet

Annotations:
D:3 Ijyb


Innate Abilities, Weirdness & Mutations

You have a pair of horns on your head.
You reflexively headbutt those who attack you in melee.


Message History

You barely miss the hobgoblin.
The hobgoblin hits you but does no damage.
You barely miss the hobgoblin.
The hobgoblin hits you but does no damage.
The hobgoblin barely misses you. You furiously retaliate!
You headbutt the hobgoblin!
You kill the hobgoblin!
No target in view!
Key pressed, stopping explore.
No target in view!
l - 3 scrolls labelled QILUTECAUF (gained 1)
You see here a +0 hand axe.
As you open the door, it creaks loudly!
You hear a shout!
An orc comes into view. It is wielding a +0 flail.
You slash the orc!
You kill the orc!
No target in view!
No target in view!
You now have 45 gold pieces (gained 12).
There is an open door here.
You open the door.
A bat and a goblin come into view.
The goblin shouts!
There are monsters nearby!
There are monsters nearby!
There are monsters nearby!
There are monsters nearby!
You barely miss the bat. The bat hits you but does no damage. The bat hits you.
You closely miss the bat. The bat misses you. You furiously retaliate!
You headbutt the bat!
You kill the bat!
The goblin unwields a +0 club.
The goblin wields a +0 sling.
The goblin shoots a sling bullet.
The sling bullet closely misses you.
You barely miss the goblin.
The goblin unwields a +0 sling.
The goblin wields a +0 club.
The goblin hits you but does no damage.
You hit the goblin but do no damage. Your headbutt misses the goblin.
The goblin hits you but does no damage.
You closely miss the goblin. The goblin hits you but does no damage.
You barely miss the goblin. You headbutt the goblin.
The goblin is severely wounded.
The goblin closely misses you. You block the goblin's attack.
You closely miss the goblin.
The goblin is severely wounded.
The goblin hits you but does no damage.
You closely miss the goblin.
The goblin is severely wounded.
The goblin hits you but does no damage.
You closely miss the goblin.
The goblin is severely wounded.
The goblin hits you but does no damage. The goblin closely misses you.
You slash the goblin!
You kill the goblin!
Your Axes skill increases to level 4!
No target in view!
There is an open door here.
Things that are here:
a +0 club; a +0 sling
q - a puce potion You see here 7 stones.
You now have 61 gold pieces (gained 16).
As you open the door, it creaks loudly!
There is an open door here.
You open the door.
There is an open door here.
Found a stone staircase leading up.
Found a stone staircase leading down.
An adder comes into view.
The adder hisses angrily.
There is a stone staircase leading up here.
An adder is nearby!
An adder is nearby!
Ijyb the Twisted Goblin comes into view.
She is wielding a +0 club and carrying a wand of light.
Found a radiant altar of Vehumet.
Ijyb shouts!
You slash the adder! Your headbutt misses the adder.
The adder is severely wounded.
You block the adder's attack. The adder bites you but does no damage.
You miss the adder.
The adder is severely wounded.
The adder closely misses you.
Ijyb zaps a wand.
The bolt of light hits you!
You closely miss the adder.
The adder is severely wounded.
The adder bites you but does no damage. The adder closely misses you.
You furiously retaliate!
You headbutt the adder!
You kill the adder!
You closely miss Ijyb. Your headbutt misses Ijyb. Ijyb hits you with a +0 club.
You slash Ijyb!
Ijyb is moderately wounded.
Ijyb zaps a wand.
The bolt of light misses you.
You hit Ijyb but do no damage. You headbutt Ijyb, but do no damage.
Ijyb is moderately wounded.
Ijyb zaps a wand.
The bolt of light hits you! Ijyb hits you with a +0 club.
You barely miss Ijyb.
Ijyb is moderately wounded.
You block Ijyb's attack.
You barely miss Ijyb. Your headbutt misses Ijyb.
Ijyb is moderately wounded.
Ijyb zaps a wand.
The bolt of light hits you!
You are confused.
You die...

### #.# #..
#.####### #.#......
#.>..... ######...#
#.. #.....<..#.....
#.####.@g...... #.#
###†###### #.# .#
#.# .. #.# _..####
###'## ...#..###
).... #....#
####....# ....
#....# +.......#
...
#....######.......+
#.#..


You could see Ijyb.

Vanquished Creatures
  5 adders
  2 dart slugs (D:1)
  2 ribbon worms (D:2)
  An orc (D:3)
  A ball python (D:1)
  6 bats
  5 endoplasms
  A giant cockroach (D:2)
  9 goblins
  4 hobgoblins
  3 quokkas
  A frilled lizard (D:1)
  2 kobolds (D:1)
  A rat (D:1)
43 creatures vanquished.

Notes
Turn   | Place    | Note
-------+----------+-------------------------------------------
     0 | D:1      | browni3141 the Minotaur Fighter began the quest for the
                  | Orb.
     0 | D:1      | Reached XP level 1. HP: 19/19 MP: 0/0
    72 | D:1      | Reached XP level 2. HP: 27/27 MP: 1/1
   413 | D:2      | Found a snail-covered altar of Cheibriados.
   459 | D:2      | Reached XP level 3. HP: 33/33 MP: 2/2
   675 | D:2      | Reached XP level 4. HP: 40/40 MP: 3/3
   895 | D:3      | Found a radiant altar of Vehumet.
   895 | D:3      | Noticed Ijyb
   903 | D:3      | Killed from afar by Ijyb

Illustrated notes

Levels and vault maps discovered:
D:1:      moated_graveyard_arrival, layout_basic
D:2:      layout_basic, basic_altar, minmay_indecisive_spiral
D:3:      layout_basic, mainiacjoe_overflow_alcove_2,
          chequers_temple_overflow_minitemple, uniq_grinder, uniq_ijyb

Skill      XL: |  1  2  3  4 |
---------------+-------------+-----
Axes           | 3 4 |  4.0
Fighting       | 4 |  4.3
Armour         | 4 |  4.3
Shields        | 4 |  4.3

Action                     |  1- 3 |  4- 6 || total
---------------------------+-------+-------++-------
  Melee: War axe           |    55 |    29 ||    84
         Headbutt          |     3 |     3 ||     6
 Armour: Scale mail        |    37 |    27 ||    64
  Dodge: Dodged            |    41 |    14 ||    55
  Block: Buckler           |    21 |     5 ||    26
